[Event "Saturday 27 January Rapid Engine Tour 12+1 Rounds 9 Starts 1600 ST"]
[Site "Infinity Chess"]
[Date "2018.1.27"]
[Round "3"]
[White "neófito"]
[Black "BraveDevil"]
[Result "1/2-1/2"]
[ECO "C55"]
[WhiteElo "2433"]
[BlackElo "2441"]
[WhiteEngine "asmfish-bmi2-012018-W_CTG"]
[BlackEngine "Cryptic AIL V2"]
[EventType "Swiss"]
[WhiteTeam ""]
[BlackTeam ""]
[PlyCount "140"]
[TimeControl "720+1"]

1. e4 e5 2. Nf3 Nc6 3. Bc4 Nf6 4. d3 Be7 5. O-O d6 6. c3 O-O 7. a4 Be6 
8. Bxe6 fxe6 9. b4 Qe8 10. Be3 Ng4 11. Bd2 Qg6 12. b5 Nb8 13. h3 Nf6 14. Be3 Nh5 
15. Nbd2 c5 16. bxc6 Nxc6 17. a5 Bd8 18. Qb3 Rb8 19. a6 b6 20. d4 Rc8 
21. Rfe1 h6 22. Qb5 Be7 23. Qb3 Kh8 24. Rad1 Kh7 25. Kh1 Rc7 26. Qb5 Nf4 
27. Bxf4 Rxf4 28. Qc4 Rc8 29. dxe5 dxe5 30. Qe2 Rd8 31. Qb5 Rc8 32. Qe2 Rd8 
33. Rf1 Rc8 34. Kh2 Rc7 35. Rfe1 Qh5 36. Nc4 Bc5 37. Rd2 b5 38. Nb2 b4 
39. c4 Rf8 40. Nd3 Bb6 41. c5 Ba5 42. Rg1 g5 43. Ndxe5 Nxe5 44. Nxe5 Qxe2 
45. Rxe2 b3 46. Rc1 Rd8 47. g3 Bb4 48. c6 Rb8 49. Rc4 Bd6 50. Nd3 Rb6 
51. Rb2 Rcxc6 52. Rxc6 Rxc6 53. Rxb3 Rxa6 54. e5 Bf8 55. Rb8 Kg7 56. Kg2 Ra3 
57. Rb7+ Kg6 58. Rb8 Bg7 59. Rd8 a5 60. f4 gxf4 61. gxf4 h5 62. Nc5 Kf5 
63. Rd7 Rc3 64. Nxe6 Bxe5 65. Rd5 Re3 66. fxe5 Kxe6 67. Rxa5 Rxe5 68. Ra1 Ke7 
69. h4 Kf8 70. Ra8+ Ke7 1/2-1/2

[Event "Saturday 27 January Rapid Engine Tour 12+1 Rounds 9 Starts 1600 ST"]
[Site "Infinity Chess"]
[Date "2018.1.27"]
[Round "3"]
[White "RonWeasley"]
[Black "Prometheus"]
[Result "1/2-1/2"]
[ECO "C55"]
[WhiteElo "2452"]
[BlackElo "2460"]
[WhiteEngine "BrainFish 060118_CTG"]
[BlackEngine "Eman 1.67a-64bit-IDeA"]
[EventType "Swiss"]
[WhiteTeam ""]
[BlackTeam ""]
[PlyCount "60"]
[TimeControl "720+1"]

1. e4 e5 2. Nf3 Nc6 3. Bc4 Nf6 4. d3 Bc5 5. c3 a6 6. Bg5 Be7 7. O-O d6 8. a4 h6 
9. Bc1 O-O 10. Re1 Be6 11. Bxe6 fxe6 12. Nbd2 d5 13. b4 d4 14. cxd4 exd4 
15. Qb3 Bxb4 16. Qxe6+ Rf7 17. Ba3 Bc3 18. Rab1 Qd7 19. Qb3 Re8 20. Bb2 Bxd2 
21. Nxd2 Nh5 22. g3 Qh3 23. Re2 Re6 24. f4 Rg6 25. f5 Nxg3 26. fxg6 Nxe2+ 
27. Kh1 Ng3+ 28. Kg1 Ne2+ 29. Kh1 Ng3+ 30. Kg1 Ne2+ 1/2-1/2

[Event "Saturday 27 January Rapid Engine Tour 12+1 Rounds 9 Starts 1600 ST"]
[Site "Infinity Chess"]
[Date "2018.1.27"]
[Round "3"]
[White "Susanne"]
[Black "Ninja_Bp"]
[Result "1/2-1/2 "]
[ECO "B90"]
[WhiteElo "2466"]
[BlackElo "2458"]
[WhiteEngine "BrainFish_x64_bmi2_CTG"]
[BlackEngine "Houdini 6"]
[EventType "Swiss"]
[WhiteTeam ""]
[BlackTeam ""]
[PlyCount "184"]
[TimeControl "720+1"]

1. e4 c5 2. Nf3 d6 3. d4 cxd4 4. Nxd4 Nf6 5. Nc3 a6 6. Be3 e5 7. Nb3 Be6 
8. Be2 Be7 9. Qd3 O-O 10. O-O Nc6 11. a3 Rc8 12. Nd5 Bxd5 13. exd5 e4 
14. Qd2 Ne5 15. Rac1 Re8 16. c4 Nfd7 17. h3 Bf6 18. Rc2 h6 19. Nd4 Bg5 
20. Nf5 Qf6 21. Ng3 Bxe3 22. Qxe3 b5 23. b3 bxc4 24. Nxe4 Qe7 25. bxc4 f5 
26. Ng3 Qf7 27. Qf4 Rf8 28. Rb2 Nc5 29. Rb6 Qf6 30. Nh5 Qe7 31. Qc1 Ned7 
32. Rb2 Rfe8 33. Nf4 Qf6 34. Rb1 Re4 35. Bf3 Re7 36. Rd1 Kh7 37. Qc2 Ne5 
38. Be2 Rce8 39. Bf1 Ned7 40. g3 Kh8 41. Bd3 Rf7 42. Be2 Ne5 43. Rb6 Ned7 
44. Rbb1 Ne5 45. Bh5 g6 46. Be2 Kh7 47. a4 Ned7 48. Bf3 Rfe7 49. a5 Rc8 
50. h4 g5 51. hxg5 hxg5 52. Ne6 Ne5 53. Bg2 Nxe6 54. dxe6 Rxc4 55. Qb3 f4 
56. Rxd6 Kg6 57. Re1 fxg3 58. Qxg3 Rf4 59. Rxa6 Qf5 60. Qc3 Nf3+ 61. Bxf3 Rxf3 
62. Qb4 Rf4 63. Qb1 Ra4 64. Qxf5+ Kxf5 65. Re3 g4 66. Kh2 Ra1 67. Kg2 Ra2 
68. Kf1 Ra1+ 69. Re1 Ra2 70. Kg2 Ra3 71. Re3 Ra2 72. Re1 Ra3 73. Re2 Ra4 
74. Kg3 Ra1 75. Ra8 Ra3+ 76. Re3 Rxe3+ 77. fxe3 Rxe6 78. Kf2 Ke4 79. Rg8 Rf6+ 
80. Ke2 Kf5 81. Ra8 Ke5 82. a6 Re6 83. Kf2 Ke4 84. a7 Re7 85. Kg3 Kxe3 
86. Kxg4 Ke4 87. Kh4 Ke5 88. Kh5 Ke4 89. Kg6 Ke5 90. Kg5 Rg7+ 91. Kh6 Re7 
92. Kg5 Rg7+ 1/2-1/2

[Event "Saturday 27 January Rapid Engine Tour 12+1 Rounds 9 Starts 1600 ST"]
[Site "Infinity Chess"]
[Date "2018.1.27"]
[Round "3"]
[White "Gilgamesch"]
[Black "Murx"]
[Result "1/2-1/2"]
[ECO "C50"]
[WhiteElo "2468"]
[BlackElo "2521"]
[WhiteEngine "BrainFish_171005_x64_bmi2"]
[BlackEngine "BrainFish_180113_x64_modern"]
[EventType "Swiss"]
[WhiteTeam ""]
[BlackTeam ""]
[PlyCount "238"]
[TimeControl "720+1"]

1. e4 e5 2. Nf3 Nc6 3. Bc4 Bc5 4. O-O Nf6 5. d3 d6 6. c3 a5 7. Bb3 O-O 8. Bg5 h6 
9. Bh4 g5 10. Bg3 g4 11. Nh4 Nh5 12. Kh1 Qg5 13. a4 Kh8 14. Na3 Bd7 15. Nc4 b6 
16. Rb1 Rad8 17. Ne3 Bxe3 18. fxe3 Nxg3+ 19. hxg3 f6 20. Kh2 Ne7 21. Qe2 Rde8 
22. Kg1 h5 23. Rf2 Ng6 24. Nf5 h4 25. Rbf1 hxg3 26. Nxg3 Nh4 27. Rd1 Qh6 
28. Qd2 Re7 29. Kf1 Nf3 30. gxf3 Qh3+ 31. Kg1 Rh7 32. Rdf1 Qxg3+ 33. Rg2 Qh3 
34. Rh2 Qxh2+ 35. Qxh2 Rxh2 36. Kxh2 gxf3 37. Rxf3 f5 38. exf5 Rxf5 
39. Kg3 Rxf3+ 40. Kxf3 Kg7 41. d4 c6 42. dxe5 dxe5 43. Ke4 Kf6 44. Kd3 Bf5+ 
45. Kd2 Bd7 46. Ke1 Kg5 47. Kf2 Bf5 48. Kg2 Be4+ 49. Kf2 Bf5 50. Kg2 Kg4 
51. Kf2 Bd7 52. Bd1+ Kh4 53. Bf3 Kg5 54. Kg3 c5 55. Bd1 Be8 56. Kf2 Bf7 
57. Bf3 Bb3 58. Bc6 Kf6 59. Bd7 Bc2 60. Bb5 Bb3 61. Ke1 Kf5 62. Kf2 Kg4 
63. Bc6 Bc2 64. Bf3+ Kg5 65. Bc6 Kf6 66. Ke1 Bb3 67. Bd7 Bf7 68. Bb5 Kf5 
69. Ke2 Ba2 70. Bd3+ Kf6 71. Be4 Bb3 72. Bc6 Kf5 73. Kf2 Kg6 74. Bd7 Bf7 
75. Bg4 Kf6 76. Bd1 Bd5 77. Ke1 Bg8 78. Kf2 Bf7 79. Be2 Kg5 80. Bf3 Bc4 
81. Bc6 Kf5 82. Bg2 Bb3 83. Bc6 Kg4 84. Be8 Ba2 85. Bd7+ Kh5 86. Bb5 Bd5 
87. Bd3 Bb3 88. Kf3 Kg5 89. Bb5 Kf6 90. Kf2 Bd5 91. Be2 Bb3 92. Bb5 Ke6 
93. Kf3 Bd5+ 94. Ke2 Kf5 95. Bd3+ e4 96. Bb5 Kg4 97. Kf2 Kg5 98. Bd7 c4 
99. Kg1 Bf7 100. Kg2 Bd5 101. Kg1 Bb7 102. Be6 Bc6 103. Bxc4 Bxa4 104. Bd5 Bc2 
105. Bc6 Bd3 106. Kf2 b5 107. Bd7 a4 108. Bc6 Kf6 109. Bd5 Ke5 110. Bc6 Ke6 
111. Kg1 Kd6 112. Be8 Kc5 113. Kf2 Bc4 114. Kg1 Be6 115. Kf2 Kc4 116. Ke2 Bd5 
117. Ke1 b4 118. Bxa4 bxc3 119. bxc3 Kxc3 1/2-1/2

[Event "Saturday 27 January Rapid Engine Tour 12+1 Rounds 9 Starts 1600 ST"]
[Site "Infinity Chess"]
[Date "2018.1.27"]
[Round "3"]
[White "xeonrocks"]
[Black "KRAKEN"]
[Result "1/2-1/2"]
[ECO "C53"]
[WhiteElo "2533"]
[BlackElo "2502"]
[WhiteEngine "asmFishW_CTG"]
[BlackEngine "Raubfisch X37b4_CTG"]
[EventType "Swiss"]
[WhiteTeam ""]
[BlackTeam ""]
[PlyCount "95"]
[TimeControl "720+1"]

1. e4 e5 2. Nf3 Nc6 3. Bc4 Bc5 4. c3 Nf6 5. d4 exd4 6. e5 d5 7. Bb5 Ne4 
8. cxd4 Bb6 9. O-O Bg4 10. a4 a5 11. Nc3 O-O 12. Bxc6 bxc6 13. h3 Bxf3 
14. Qxf3 Bxd4 15. Nxe4 dxe4 16. Qxe4 Re8 17. Qxc6 Rxe5 18. Bf4 Qe8 
19. Qxe8+ Rexe8 20. Bxc7 Bxb2 21. Rab1 Bc3 22. Rfd1 Re4 23. Rb3 Bf6 24. Ra3 Rc4 
25. Bb6 Rb4 26. Be3 Re8 27. Rd7 h5 28. g3 Re5 29. Kg2 Rf5 30. Ra2 g5 
31. Rad2 Kg7 32. R7d5 Rxd5 33. Rxd5 Rxa4 34. Bxg5 Bxg5 35. Rxg5+ Kh6 36. h4 f6 
37. Rc5 Ra2 38. Kh3 a4 39. f3 Ra3 40. Rf5 Kg6 41. g4 Rd3 42. Kg3 hxg4 
43. Kxg4 a3 44. Ra5 f5+ 45. Kg3 Kg7 46. Kf4 Kh6 47. h5 Kxh5 48. Kxf5 1/2-1/2

[Event "Saturday 27 January Rapid Engine Tour 12+1 Rounds 9 Starts 1600 ST"]
[Site "Infinity Chess"]
[Date "2018.1.27"]
[Round "3"]
[White "angriff"]
[Black "MiKachomiKa QueeN"]
[Result "1/2-1/2"]
[ECO "E10"]
[WhiteElo "2381"]
[BlackElo "2438"]
[WhiteEngine "Stockfish SL FA POPCNT_CTG"]
[BlackEngine "stockfish_18012314_x64_modern_CTG"]
[EventType "Swiss"]
[WhiteTeam ""]
[BlackTeam ""]
[PlyCount "76"]
[TimeControl "720+1"]

1. d4 Nf6 2. c4 e6 3. Nf3 d5 4. Nc3 c6 5. e3 Nbd7 6. Bd3 dxc4 7. Bxc4 b5 
8. Bd3 a6 9. e4 c5 10. d5 Qc7 11. O-O Bb7 12. dxe6 fxe6 13. Bc2 Bd6 14. Ng5 Nf8 
15. f4 O-O-O 16. Qe2 h6 17. Nf3 Bxf4 18. Bxf4 Qxf4 19. Rae1 N6h7 20. e5 Ng5 
21. Nxg5 Qd4+ 22. Kh1 hxg5 23. Be4 Bxe4 24. Qxe4 Kc7 25. Qc2 g4 26. a4 b4 
27. Ne2 Qxe5 28. Nf4 Qd6 29. Rc1 g3 30. h3 e5 31. Qxc5+ Kb8 32. Nd3 Qxd3 
33. Qc7+ Ka8 34. Rcd1 Qxd1 35. Qc6+ Ka7 36. Qc7+ Ka8 37. Qc6+ Ka7 38. Qc7+ Ka8 
1/2-1/2

[Event "Saturday 27 January Rapid Engine Tour 12+1 Rounds 9 Starts 1600 ST"]
[Site "Infinity Chess"]
[Date "2018.1.27"]
[Round "3"]
[White "hafaba"]
[Black "IronMan"]
[Result "1/2-1/2"]
[ECO "E10"]
[WhiteElo "2489"]
[BlackElo "2411"]
[WhiteEngine "SF SL FA 26012018 POPCNT_CTG"]
[BlackEngine "SF SL FA 250118-IDeA"]
[EventType "Swiss"]
[WhiteTeam ""]
[BlackTeam ""]
[PlyCount "100"]
[TimeControl "720+1"]

1. d4 Nf6 2. c4 e6 3. Nf3 d5 4. Nc3 c6 5. e3 Nbd7 6. Bd3 dxc4 7. Bxc4 b5 
8. Bd3 Bb7 9. a3 b4 10. Ne4 Nxe4 11. Bxe4 bxa3 12. O-O Bd6 13. Nd2 O-O 
14. b3 Qc7 15. Bxa3 Bxh2+ 16. Kh1 Bd6 17. Bxd6 Qxd6 18. Nc4 Qe7 19. Kg1 Rfc8 
20. Qd3 Nf6 21. Bf3 Nd5 22. Ra5 c5 23. Rfa1 Qf8 24. dxc5 Rxc5 25. Rxa7 Nb4 
26. Qd1 Bxf3 27. Qxf3 Rd8 28. Rd1 Rxd1+ 29. Qxd1 Rd5 30. Qf3 Nd3 31. e4 Rd4 
32. g3 h6 33. e5 Rd5 34. Kf1 f5 35. exf6 Qxf6 36. Qxf6 gxf6 37. Ne3 Rb5 
38. Ng4 f5 39. Nxh6+ Kf8 40. Nf7 f4 41. Nd8 Rxb3 42. Nxe6+ Ke8 43. gxf4 Rb2 
44. Kg2 Rxf2+ 45. Kg3 Re2 46. Ng5 Rf2 47. Ra3 Rxf4 48. Rxd3 Rf1 49. Nf3 Ke7 
50. Kf4 Ke6 1/2-1/2

[Event "Saturday 27 January Rapid Engine Tour 12+1 Rounds 9 Starts 1600 ST"]
[Site "Infinity Chess"]
[Date "2018.1.27"]
[Round "2"]
[White "Marsell"]
[Black "Dovahkiin"]
[Result "1/2-1/2"]
[ECO "C11"]
[WhiteElo "2476"]
[BlackElo "2402"]
[WhiteEngine "asmFishW_2018-01-11_popcnt"]
[BlackEngine "BrainFish_180113_x64_modern_CTG"]
[EventType "Swiss"]
[WhiteTeam ""]
[BlackTeam ""]
[PlyCount "113"]
[TimeControl "720+1"]

1. e4 e6 2. d4 d5 3. Nc3 Nf6 4. e5 Nfd7 5. f4 c5 6. Nf3 Nc6 7. Be3 cxd4 
8. Nxd4 Qb6 9. Qd2 Qxb2 10. Rb1 Qa3 11. Bb5 Nxd4 12. Bxd4 a6 13. Bxd7+ Bxd7 
14. Rb3 Qe7 15. Rxb7 Rc8 16. O-O Qd8 17. Qe3 Rc4 18. Rfb1 Be7 19. f5 Bg5 
20. Qd3 O-O 21. Ne4 Bc8 22. Bb6 Be3+ 23. Qxe3 Qh4 24. Nf6+ gxf6 25. Rc7 exf5 
26. Rxc4 dxc4 27. exf6 Kh8 28. Bc7 Rg8 29. Bg3 Qg4 30. Qf4 c3 31. a3 Be6 
32. Re1 Rd8 33. Qe3 Bd5 34. Qe8+ Rxe8 35. Rxe8+ Qg8 36. Rxg8+ Kxg8 37. Be5 Be4 
38. Bxc3 Bxc2 39. Kf2 h5 40. g3 f4 41. gxf4 Kh7 42. h3 Kh6 43. Kg3 Kg6 
44. Kh4 Bd1 45. Bb2 Kf5 46. Be5 Kg6 47. Ba1 Kf5 48. Kg3 Bc2 49. Bb2 Ba4 
50. Kh4 Bd1 51. Kg3 Kg6 52. h4 Kf5 53. Bd4 Bc2 54. Kf3 Bd1+ 55. Kg3 Bc2 
56. Kf3 Bd1+ 57. Kg3 1/2-1/2

[Event "Saturday 27 January Rapid Engine Tour 12+1 Rounds 9 Starts 1600 ST"]
[Site "Infinity Chess"]
[Date "2018.1.27"]
[Round "2"]
[White "KillBill2017"]
[Black "angriff"]
[Result "0-1"]
[ECO "B00"]
[WhiteElo "2368"]
[BlackElo "2365"]
[WhiteEngine "Stockfish_x64_230118_Color_Contempt_pop_720mingw_CTG"]
[BlackEngine "Stockfish SL FA POPCNT_CTG"]
[EventType "Swiss"]
[WhiteTeam ""]
[BlackTeam ""]
[PlyCount "160"]
[TimeControl "720+1"]

1. e4 Nc6 2. d4 d5 3. e5 Bf5 4. c3 f6 5. f4 e6 6. Nf3 Be7 7. Be2 Nh6 8. O-O O-O 
9. Nbd2 Qe8 10. Ne1 Nd8 11. Nd3 Ndf7 12. h3 fxe5 13. dxe5 Nd8 14. g4 Bg6 
15. Nf3 c5 16. Be3 Rc8 17. Qd2 b6 18. Nf2 Nc6 19. Ba6 Rc7 20. b3 Nf7 21. Qe2 Nb8 
22. Bb5 Qc8 23. Rad1 Be4 24. Nd2 Bg6 25. Nf3 Be4 26. Nh2 Bg6 27. Qe1 c4 
28. bxc4 dxc4 29. Qe2 a6 30. Ba4 Qb7 31. Nf3 b5 32. Nd4 Nc6 33. Bc2 Bxc2 
34. Qxc2 Nxd4 35. Bxd4 a5 36. Ne4 Qc6 37. Qg2 b4 38. Ra1 Rd8 39. Rae1 b3 
40. Re2 a4 41. f5 a3 42. f6 Bf8 43. Kh2 b2 44. Qf3 g6 45. h4 Rxd4 46. cxd4 c3 
47. Rc2 Qc4 48. Rxc3 Qxa2 49. Kg3 Rxc3 50. Nxc3 Qb3 51. g5 a2 52. Nxa2 b1=Q 
53. Rxb1 Qxb1 54. Qf2 h6 55. Nc3 Qd3+ 56. Qf3 Qxd4 57. Ne4 Nxe5 58. f7+ Nxf7 
59. Nf6+ Kh8 60. Qa8 Qd6+ 61. Kg2 hxg5 62. Ne4 Qe7 63. h5 gxh5 64. Qa6 h4 
65. Qd3 g4 66. Qf1 Bg7 67. Qf4 Ne5 68. Qf2 h3+ 69. Kf1 Nf3 70. Qe2 Qb7 
71. Nd2 Nxd2+ 72. Qxd2 Qf3+ 73. Kg1 Bf8 74. Kh2 Bd6+ 75. Kg1 h2+ 76. Qxh2+ Bxh2+ 
77. Kxh2 Qf2+ 78. Kh1 Qe2 79. Kg1 g3 80. Kh1 Qh2# 0-1

[Event "Saturday 27 January Rapid Engine Tour 12+1 Rounds 9 Starts 1600 ST"]
[Site "Infinity Chess"]
[Date "2018.1.27"]
[Round "2"]
[White "IronMan"]
[Black "star99"]
[Result "1-0"]
[ECO "A50"]
[WhiteElo "2395"]
[BlackElo "2385"]
[WhiteEngine "SF SL FA 250118-IDeA"]
[BlackEngine "Cryptic AIL V2"]
[EventType "Swiss"]
[WhiteTeam ""]
[BlackTeam ""]
[PlyCount "167"]
[TimeControl "720+1"]

1. d4 Nf6 2. c4 c6 3. Nf3 d5 4. Nc3 e6 5. e3 Nbd7 6. Qc2 Bd6 7. Bd3 O-O 
8. O-O dxc4 9. Bxc4 a6 10. Rd1 b5 11. Bd3 Bb7 12. Ng5 h6 13. Nge4 Bc7 14. a3 Nd5 
15. b4 a5 16. Nc5 Nxc5 17. bxc5 Qd7 18. e4 Nxc3 19. Qxc3 Rad8 20. Bb2 f6 
21. Qc2 Qf7 22. Rac1 Bc8 23. Be2 f5 24. Bf3 e5 25. dxe5 Rxd1+ 26. Rxd1 f4 
27. Qc3 Qg6 28. Kh1 Be6 29. Rd6 Qe8 30. h3 h5 31. a4 b4 32. Qd4 Kh7 33. Be2 Bxd6 
34. exd6 Rg8 35. Bc4 Bxc4 36. Qxc4 Qg6 37. Kh2 Rf8 38. e5 f3 39. g4 Qb1 
40. Bc1 b3 41. e6 b2 42. e7 Rb8 43. Bxb2 Qxb2 44. Qe4+ g6 45. Qe3 Re8 
46. Qxf3 Qe5+ 47. Kg2 h4 48. Qf7+ Kh6 49. Qf8+ Kh7 50. Qf7+ Kh6 51. d7 Qe4+ 
52. Kh2 Qe5+ 53. Kg2 Qe4+ 54. Qf3 Qxe7 55. dxe8=Q Qxe8 56. Qf4+ Kg7 57. g5 Qd8 
58. Qxh4 Qd5+ 59. Kg3 Kg8 60. Qg4 Qe5+ 61. Kf3 Qc7 62. Qe6+ Kg7 63. h4 Qb7 
64. Kg2 Kh7 65. h5 gxh5 66. Qh6+ Kg8 67. g6 Qg7 68. Qxh5 Qh6 69. Qg4 Qd2 
70. Qe6+ Kg7 71. Qf7+ Kh6 72. Qh7+ Kg5 73. g7 Qd5+ 74. Kg1 Kf6 75. g8=Q Qxg8+ 
76. Qxg8 Ke5 77. Qd8 Ke4 78. Qd6 Kf5 79. Kf1 Kg5 80. Qe6 Kf4 81. Qf6+ Ke4 
82. Ke2 Kd5 83. Kd3 Kxc5 84. Qd4# 1-0

[Event "Saturday 27 January Rapid Engine Tour 12+1 Rounds 9 Starts 1600 ST"]
[Site "Infinity Chess"]
[Date "2018.1.27"]
[Round "2"]
[White "neófito"]
[Black "incredible"]
[Result "1/2-1/2"]
[ECO "C53"]
[WhiteElo "2434"]
[BlackElo "2414"]
[WhiteEngine "asmfish-bmi2-012018-W_CTG"]
[BlackEngine "Houdini 6"]
[EventType "Swiss"]
[WhiteTeam ""]
[BlackTeam ""]
[PlyCount "120"]
[TimeControl "720+1"]

1. e4 e5 2. Nf3 Nc6 3. Bc4 Bc5 4. c3 Nf6 5. d3 d6 6. O-O O-O 7. h3 a5 8. Nbd2 h6 
9. Re1 Be6 10. b3 Bb6 11. Bxe6 fxe6 12. Nc4 Bc5 13. Be3 Bxe3 14. Rxe3 b5 
15. Ncd2 b4 16. Qc1 Qe8 17. d4 bxc3 18. Qxc3 exd4 19. Nxd4 Nxd4 20. Qxd4 a4 
21. Rc1 axb3 22. Rxb3 Qf7 23. a3 c5 24. Qe3 Qg6 25. e5 Nd5 26. Qg3 Qxg3 
27. Rxg3 dxe5 28. Rxc5 Rfc8 29. Ne4 Rcb8 30. Kh2 Rb2 31. Rc6 Re2 32. Nc3 Rxf2 
33. Rxe6 Nf4 34. Rxe5 Rxa3 35. Ne4 Rxg3 36. Kxg3 Rf1 37. h4 Nd3 38. Rd5 Nb4 
39. Rd8+ Rf8 40. Rd4 Nc6 41. Rd5 Ne7 42. Re5 Nf5+ 43. Kg4 Ne3+ 44. Kg3 g6 
45. Kh3 Rf1 46. Re8+ Kg7 47. Re7+ Kf8 48. Re6 Rh1+ 49. Kg3 Nf5+ 50. Kf2 Nxh4 
51. Nd6 Kg7 52. g3 Nf5 53. Kg2 Rc1 54. Nxf5+ gxf5 55. Kf3 Rc4 56. Re7+ Kf6 
57. Re2 Rc1 58. g4 Rf1+ 59. Kg2 Rd1 60. gxf5 Kxf5 1/2-1/2

[Event "Saturday 27 January Rapid Engine Tour 12+1 Rounds 9 Starts 1600 ST"]
[Site "Infinity Chess"]
[Date "2018.1.27"]
[Round "2"]
[White "BraveDevil"]
[Black "Thinker"]
[Result "1/2-1/2"]
[ECO "C53"]
[WhiteElo "2441"]
[BlackElo "2435"]
[WhiteEngine "Cryptic AIL V2"]
[BlackEngine "BrainFish_180124_x64_modern_CTG"]
[EventType "Swiss"]
[WhiteTeam ""]
[BlackTeam ""]
[PlyCount "111"]
[TimeControl "720+1"]

1. e4 e5 2. Nf3 Nc6 3. Bc4 Bc5 4. c3 Nf6 5. d3 d6 6. O-O O-O 7. a4 a5 8. Re1 h6 
9. h3 Be6 10. Bxe6 fxe6 11. Be3 Bxe3 12. Rxe3 Qd7 13. Na3 Rf7 14. Nc2 Rff8 
15. b4 axb4 16. cxb4 Qf7 17. Qd2 Nh5 18. d4 Nf4 19. Kh2 Qh5 20. b5 Na5 
21. Qc3 c6 22. dxe5 d5 23. Ncd4 dxe4 24. Rxe4 Qg6 25. Rxf4 Rxf4 26. Re1 Rff8 
27. Re3 cxb5 28. axb5 Rfc8 29. Qb4 Nc4 30. Rc3 Nb6 31. Rxc8+ Nxc8 32. Qb3 Qf7 
33. Nxe6 Ne7 34. Nfd4 Qxf2 35. Nc7+ Kh8 36. Nxa8 Qxd4 37. Nc7 Qxe5+ 38. Qg3 Qe4 
39. Qg4 Qxg4 40. hxg4 Kg8 41. Kg3 Kf7 42. Kf3 Ng6 43. Ke3 Ne7 44. Kf4 Kg6 
45. Ke5 Nc8 46. Kd5 Kg5 47. Ne6+ Kxg4 48. Nxg7 Na7 49. Kc5 Nc8 50. b6 Kf4 
51. Ne8 Kg3 52. Nd6 Nxb6 53. Kxb6 Kxg2 54. Kb5 h5 55. Nf5 Kf3 56. Nh4+ 1/2-1/2

[Event "Saturday 27 January Rapid Engine Tour 12+1 Rounds 9 Starts 1600 ST"]
[Site "Infinity Chess"]
[Date "2018.1.27"]
[Round "2"]
[White "RonWeasley"]
[Black "Ninja_Bp"]
[Result "1/2-1/2"]
[ECO "B97"]
[WhiteElo "2452"]
[BlackElo "2458"]
[WhiteEngine "BrainFish 060118_CTG"]
[BlackEngine "Houdini 6"]
[EventType "Swiss"]
[WhiteTeam ""]
[BlackTeam ""]
[PlyCount "113"]
[TimeControl "720+1"]

1. e4 c5 2. Nf3 d6 3. d4 cxd4 4. Nxd4 Nf6 5. Nc3 a6 6. Bg5 e6 7. f4 Qb6 
8. Qd2 Qxb2 9. Rb1 Qa3 10. e5 dxe5 11. fxe5 h6 12. Bxf6 gxf6 13. exf6 Nd7 
14. Ne4 Qxa2 15. Rd1 Qd5 16. Qe3 Qe5 17. Nf3 Qc7 18. Be2 b6 19. Nd4 Bb7 
20. Nf5 Bb4+ 21. Kf1 Bc6 22. Nfd6+ Kf8 23. Rd4 Bc5 24. Nxc5 bxc5 25. Rd3 Nxf6 
26. Qe5 Qe7 27. Bf3 Bd5 28. Nf5 exf5 29. Rxd5 Re8 30. Qxe7+ Rxe7 31. Rxf5 Kg7 
32. Rxc5 Rd8 33. Kf2 Rd2+ 34. Kg3 Ne4+ 35. Bxe4 Rxe4 36. Kf3 Ree2 37. Rg1 Rf2+ 
38. Kg3 Rxc2 39. Rxc2 Rxc2 40. Ra1 Rc3+ 41. Kh4 Rc4+ 42. g4 Rc6 43. h3 Rb6 
44. Kg3 Kg6 45. Kf4 Rb4+ 46. Kf3 Rb3+ 47. Kg2 Rb6 48. Ra5 Kg7 49. h4 Kf6 
50. Kf3 Kg6 51. Ke3 Rb3+ 52. Kf2 Rb2+ 53. Kf3 Rb3+ 54. Kf4 Rb6 55. Ke3 Rf6 
56. Ke4 Rb6 57. Ke3 1/2-1/2

[Event "Saturday 27 January Rapid Engine Tour 12+1 Rounds 9 Starts 1600 ST"]
[Site "Infinity Chess"]
[Date "2018.1.27"]
[Round "2"]
[White "Prometheus"]
[Black "Susanne"]
[Result "1/2-1/2"]
[ECO "A20"]
[WhiteElo "2460"]
[BlackElo "2466"]
[WhiteEngine "Eman 1.67a-64bit-IDeA"]
[BlackEngine "BrainFish_x64_bmi2_CTG"]
[EventType "Swiss"]
[WhiteTeam ""]
[BlackTeam ""]
[PlyCount "75"]
[TimeControl "720+1"]

1. c4 e5 2. g3 Nf6 3. Bg2 Bc5 4. Nc3 c6 5. e3 O-O 6. Nge2 d5 7. cxd5 Nxd5 
8. Nxd5 cxd5 9. d4 exd4 10. exd4 Bb6 11. Nc3 Nc6 12. Be3 Be6 13. O-O Ne7 
14. Na4 Nf5 15. Qd3 Rc8 16. Rac1 Qf6 17. Nxb6 axb6 18. Rfd1 Rc6 19. Bf4 Rfc8 
20. Rxc6 bxc6 21. a4 g5 22. Bc1 Re8 23. Qf3 Kg7 24. b3 h6 25. Ba3 Bd7 
26. Bb4 Qg6 27. Rc1 h5 28. Qd3 Qf6 29. Bc3 h4 30. Qf3 hxg3 31. hxg3 Qg6 
32. b4 Nd6 33. a5 Bf5 34. axb6 Be4 35. Qg4 Bf5 36. Qf3 Be4 37. Qg4 Bf5 38. Qf3 
1/2-1/2

[Event "Saturday 27 January Rapid Engine Tour 12+1 Rounds 9 Starts 1600 ST"]
[Site "Infinity Chess"]
[Date "2018.1.27"]
[Round "2"]
[White "Gilgamesch"]
[Black "KRAKEN"]
[Result "1/2-1/2"]
[ECO "C55"]
[WhiteElo "2467"]
[BlackElo "2503"]
[WhiteEngine "BrainFish_171005_x64_bmi2"]
[BlackEngine "Raubfisch X37b4_CTG"]
[EventType "Swiss"]
[WhiteTeam ""]
[BlackTeam ""]
[PlyCount "106"]
[TimeControl "720+1"]

1. e4 e5 2. Nf3 Nc6 3. Bc4 Nf6 4. d3 Bc5 5. O-O d6 6. c3 O-O 7. Bg5 h6 8. Bh4 a6 
9. a4 g5 10. Bg3 g4 11. Bh4 gxf3 12. Qxf3 Kg7 13. Qg3+ Kh8 14. Qf3 Kg7 
15. Nd2 Be6 16. Qg3+ Kh7 17. Qf3 Kg7 18. Bd5 Nb8 19. b4 Ba7 20. Bxb7 Nbd7 
21. Kh1 Rg8 22. Qe2 Rb8 23. Bxa6 Kh7 24. Bc4 Qe8 25. Bg3 Nb6 26. Ba2 Nxa4 
27. Qf3 Bb6 28. Bxe6 fxe6 29. Qxf6 Nxc3 30. Ra3 Bd4 31. Nf3 Nb5 32. Ra6 Rg7 
33. Qh4 Bb6 34. Nd2 Nc3 35. Raa1 Qg6 36. Nf3 Rf8 37. Qh3 Ne2 38. Rae1 Nf4 
39. Bxf4 Rxf4 40. Rc1 Qf6 41. Rc2 Qf7 42. Rb2 Qf8 43. Qh5 Rfg4 44. Ne1 R7g5 
45. Qh3 Rf4 46. Qxe6 Bxf2 47. Re2 Bxe1 48. Rxf4 exf4 49. Rxe1 f3 50. Qd7+ Kg6 
51. Qe6+ Kh7 52. Qd7+ Kg6 53. Qe6+ Kh7 1/2-1/2

[Event "Saturday 27 January Rapid Engine Tour 12+1 Rounds 9 Starts 1600 ST"]
[Site "Infinity Chess"]
[Date "2018.1.27"]
[Round "2"]
[White "Murx"]
[Black "xeonrocks"]
[Result "1/2-1/2"]
[ECO "D31"]
[WhiteElo "2521"]
[BlackElo "2533"]
[WhiteEngine "BrainFish_180113_x64_modern"]
[BlackEngine "asmFishW_CTG"]
[EventType "Swiss"]
[WhiteTeam ""]
[BlackTeam ""]
[PlyCount "167"]
[TimeControl "720+1"]

1. d4 d5 2. c4 e6 3. Nc3 c6 4. e4 dxe4 5. Nxe4 Bb4+ 6. Bd2 Qxd4 7. Bxb4 Qxe4+ 
8. Be2 Na6 9. Ba5 b6 10. Qd6 Bd7 11. Bc3 f6 12. Nf3 Nh6 13. Rd1 Rd8 14. Qa3 Bc8 
15. Nd2 Qf4 16. Bh5+ Nf7 17. O-O c5 18. Qa4+ Ke7 19. Rfe1 Ng5 20. Re3 Rd6 
21. Rde1 Rhd8 22. Nf3 Kf8 23. a3 Nf7 24. h3 Rd3 25. Rxd3 Rxd3 26. Qc2 Qxc4 
27. Nd2 Qd5 28. Be2 Bb7 29. f3 Rd4 30. Bxd4 Qxd4+ 31. Kh1 Nc7 32. Nc4 Bc6 
33. b4 Nd5 34. bxc5 Qxc5 35. Bf1 Bb5 36. Rc1 Be8 37. Qb2 Ng5 38. Re1 b5 
39. Na5 Qd6 40. Qd4 Qg3 41. Qc5+ Ne7 42. Rc1 Qf4 43. Rb1 a6 44. Qb4 Qxb4 
45. axb4 e5 46. Nb3 Ne6 47. Ra1 Nc6 48. Rxa6 Nc7 49. Ra1 Nxb4 50. Ra7 Ne6 
51. Rb7 Nc2 52. Bxb5 Bxb5 53. Rxb5 Nf4 54. Nc5 Ne1 55. g3 Nxh3 56. Rb7 Nxf3 
57. Ne6+ Ke8 58. Nxg7+ Kf8 59. Ne6+ Ke8 60. Rxh7 Nhg5 61. Nc7+ Kf8 62. Rd7 f5 
63. Kg2 f4 64. g4 Nh4+ 65. Kf2 e4 66. Nb5 Nh3+ 67. Kf1 Ng5 68. Rd6 Ke7 
69. Rh6 Ngf3 70. Ke2 Kf7 71. Nd6+ Kg7 72. g5 e3 73. Ne8+ Kf8 74. g6 Nxg6 
75. Nd6 Nfe5 76. Rh5 Ke7 77. Nb5 Ke6 78. Nd4+ Kd6 79. Nc2 f3+ 80. Kxe3 f2 
81. Kxf2 Nf4 82. Rh7 Kd5 83. Ra7 Ne6 84. Ra8 1/2-1/2